 Dungeon Crawl Stone Soup version 0.25.1-2-g60ff931df9 (webtiles) character file.

Game seed: 17673207529812426974

6255 Curus the Carver (level 10, -5/100 HPs)
             Began as a Minotaur Gladiator on Sept 21, 2020.
             Was an Elder of Okawaru.
             Slain by a vampire (12 damage)
             ... on level 10 of the Dungeon.
             The game lasted 00:44:21 (10027 turns).

Curus the Carver (Minotaur Gladiator)              Turns: 10027, Time: 00:44:21

Health: -5/100     AC:  8    Str: 20    XL:     10   Next: 62%
Magic:  7/9        EV: 18    Int:  7    God:    Okawaru [****..]
Gold:   303        SH:  0    Dex: 12    Spells: 9/9 levels left

rFire    + . .     SeeInvis .   n - +1 scimitar (drain)
rCold    + . .     Gourm    .   (no shield)
rNeg     . . .     Faith    .   w - +2 ring mail {rC+}
rPois    .         Spirit   .   c - +0 hat
rElec    .         Reflect  .   (no cloak)
rCorr    .         Harm     .   (no gloves)
MR       +....                  (no boots)
Stlth    ++........             (no amulet)
HPRegen  0.66/turn              u - ring of protection from magic
MPRegen  0.11/turn              (no ring)

@: heroism
A: retaliatory headbutt, horns 2, fire resistance 1, regeneration 1, robust 1,
wild magic 1
a: Heroism, Renounce Religion


You were on level 10 of the Dungeon.
You worshipped Okawaru.
Okawaru was greatly pleased with you.
You were not hungry.

You visited 1 branch of the dungeon, and saw 10 of its levels.

You collected 511 gold pieces.
You spent 208 gold pieces at shops.

Inventory:

Hand Weapons
 a - a +0 long sword
 n - a +1 scimitar of draining (weapon)
 p - a +1 long sword of draining
 s - a +0 falchion of holy wrath
Missiles
 d - 4 throwing nets (quivered)
Armour
 b - a +0 leather armour
 c - a +0 hat (worn)
 q - +0 steam dragon scales
 w - a +2 ring mail of cold resistance (worn)
Jewellery
 u - a ring of protection from magic (left hand)
Wands
 i - a wand of iceblast (8)
 m - a wand of clouds (4)
 o - a wand of paralysis (9)
 r - a wand of polymorph (19)
Scrolls
 g - 2 scrolls of teleportation
 j - a scroll of fog
 k - 6 scrolls of identify
 l - 3 scrolls of remove curse
Potions
 e - 3 potions of curing
 h - a potion of heal wounds
 v - a potion of invisibility
 x - a potion of stabbing
Comestibles
 f - 15 rations
 t - 3 chunks of flesh


   Skills:
 + Level 9.5(14.5) Fighting
 - Level 14.0(19.0) Long Blades
 - Level 2.0(7.0) Throwing
 + Level 9.1(14.1) Dodging


You had 9 spell levels left.
You didn't know any spells.
Your spell library contained the following spells:

 Spells                   Type           Power        Failure   Level  Hunger
 Animate Skeleton         Necr           N/A          67%         1    ##.....
 Apportation              Tloc           #.....       67%         1    ##.....
 Corona                   Hex            #......      67%         1    ##.....
 Magic Dart               Conj           #...         67%         1    ##.....
 Summon Small Mammal      Summ           #...         67%         1    ##.....
 Blink                    Tloc           N/A          82%         2    ###....
 Call Imp                 Summ           #.......     82%         2    ###....
 Slow                     Hex            #.......     82%         2    ###....
 Confusing Touch          Hex            #.......     95%         3    ####...
 Conjure Flame            Conj/Fire      #.......     95%         3    ####...
 Gell's Gravitas          Tloc           #.........   95%         3    ####...
 Mephitic Cloud           Conj/Pois/Air  #.......     95%         3    ####...
 Petrify                  Tmut/Erth      #.......     100%        4    #####..
 Metabolic Englaciation   Hex/Ice        #.........   100%        5    ######.
 Yara's Violent Unravell  Hex/Tmut       #.........   100%        5    ######.


Dungeon Overview and Level Annotations

Branches:
Dungeon (10/15)            Temple (0/1) D:5
   Lair: D:8-11         Orc: D:9-12

Altars:
Cheibriados
Dithmenos
Fedhas
Gozag
Hepliaklqana
Kikubaaqudgha
Nemelex Xobeh
Okawaru
Ru
Sif Muna
Uskayaw
Vehumet
Wu Jian
Xom
Yredelemnul
Zin
The Shining One

Shops:
D:9 *

Annotations:
D:5 2 runed translucent doors, Sondor's ghost, novice DsGl
D:6 1 runed translucent door, HawFromDerth's ghost, novice DENe
D:7 3 runed translucent doors, kalagan's ghost, novice GrFi


Innate Abilities, Weirdness & Mutations

You reflexively headbutt those who attack you in melee.
You have a pair of horns on your head.
Your flesh is heat resistant. (rF+)
Your natural rate of healing is unusually fast.
You are robust. (+10% HP)
Your spells are a little harder to cast, but a little more powerful.


Message History

Something bites you.
* * * LOW HITPOINT WARNING * * *
Something draws strength from your injuries!
You hit something but do no damage. You miss something. Something hits you.
* * * LOW HITPOINT WARNING * * *
Something barely misses you.
You feel much better. Something hits you.
* * * LOW HITPOINT WARNING * * *
Something bites you.
* * * LOW HITPOINT WARNING * * *
Something draws strength from your injuries!
You miss something.
Unholy energy fills the air.
* * * LOW HITPOINT WARNING * * *
You miss something. You headbutt something! You miss something.
Something barely misses you. x2
You miss something.
A vampire appears from thin air!
Reactivating autopickup.
The vampire hits you!
You die...

####### #.....#
######.....##########
#............[.......
#.###################
#[# ####.##########
######
#...>.V@.......
......
#.############# ### #
#<. ###


You could see a vampire.

Vanquished Creatures
  A two-headed ogre (D:8)
  An unseen horror (D:10)
  A cyclops (D:9)
  Maggie (D:6)
  Grinder (D:6)
  A hippogriff (D:9)
  A water moccasin (D:8)
  A black bear (D:7)
  4 orc warriors
  2 ice beasts
  A sky beast (D:6)
  2 phantoms (D:6)
  3 necrophages (D:9)
  2 centaurs (D:5)
  3 ogres
  4 bullfrogs
  2 scorpions (D:9)
  14 killer bees
  3 howler monkeys (D:8)
  4 crimson imps
  A centaur zombie (D:9)
  A bullfrog zombie (D:9)
  3 hounds
  2 jellies
  3 orc priests
  3 bullfrog skeletons
  2 centaur skeletons
  8 orc wizards
  8 worker ants
  3 hound skeletons
  A mummy (D:9)
  A howler monkey zombie (D:8)
  A worker ant zombie (D:8)
  7 adders
  2 shadow imps
  2 oozes
  An adder skeleton (D:5)
  An adder zombie (D:7)
  4 worms
  4 dart slugs
  3 leopard geckos
  30 orcs
  4 ball pythons
  9 giant cockroaches
  7 goblins
  6 hobgoblins
  6 jackals
  15 kobolds
  12 bats
  4 frilled lizards
  2 leopard gecko zombies (D:6)
  A quokka skeleton (D:5)
  15 rats
  A plant (D:2)
225 creatures vanquished.

Vanquished Creatures (others)
  A shadow imp (D:6)
1 creature vanquished.

Grand Total: 226 creatures vanquished

Notes
Turn   | Place    | Note
-------+----------+-------------------------------------------
     0 | D:1      | Curus the Minotaur Gladiator began the quest for the Orb.
     0 | D:1      | Reached XP level 1. HP: 18/18 MP: 0/0
   108 | D:1      | Reached skill level 4 in Long Blades
   179 | D:1      | Reached XP level 2. HP: 25/25 MP: 1/1
   373 | D:1      | Reached skill level 5 in Long Blades
   418 | D:1      | Reached XP level 3. HP: 22/30 MP: 2/2
  1418 | D:2      | Reached skill level 6 in Long Blades
  1418 | D:2      | Reached XP level 4. HP: 32/37 MP: 3/3
  1511 | D:2      | Found an ancient bone altar of Kikubaaqudgha.
  1971 | D:2      | Found an ornate altar of the Wu Jian Council.
  1971 | D:2      | Found a blossoming altar of Fedhas.
  1971 | D:2      | Found a basalt altar of Yredelemnul.
  1978 | D:2      | Found a snail-covered altar of Cheibriados.
  2390 | D:3      | Reached XP level 5. HP: 37/42 MP: 4/4
  2466 | D:3      | Reached skill level 7 in Long Blades
  2689 | D:3      | HP: 2/42 [something (4)]
  2692 | D:3      | Reached skill level 8 in Long Blades
  3128 | D:4      | Found a sacrificial altar of Ru.
  3133 | D:4      | Reached XP level 6. HP: 50/50 MP: 5/5
  3196 | D:4      | Found an iron altar of Okawaru.
  3211 | D:4      | Became a worshipper of Warmaster Okawaru
  3390 | D:4      | Found a hazy altar of Hepliaklqana.
  3701 | D:4      | Found a sparkling altar of Nemelex Xobeh.
  3913 | D:5      | Entered Level 5 of the Dungeon
  3913 | D:5      | Noticed an orc warrior
  3923 | D:4      | Killed an orc warrior
  4116 | D:5      | Reached skill level 9 in Long Blades
  4387 | D:5      | Found a staircase to the Ecumenical Temple.
  4392 | D:5      | Found a runed translucent door.
  4395 | D:5      | Noticed Sondor's ghost (novice DsGl)
  4422 | D:5      | Reached XP level 7. HP: 56/56 MP: 6/6
  4596 | D:5      | Reached skill level 10 in Long Blades
  4678 | D:5      | Reached * piety under Okawaru
  4946 | D:5      | Found a radiant altar of Vehumet.
  5142 | D:5      | Found a runed translucent door.
  5271 | D:6      | Found a shadowy altar of Dithmenos.
  5452 | D:6      | Noticed Grinder
  5461 | D:6      | Killed Grinder
  5461 | D:6      | Reached skill level 11 in Long Blades
  5649 | D:6      | Found a hide-covered altar of Uskayaw.
  5661 | D:6      | Reached XP level 8. HP: 62/62 MP: 7/7
  5662 | D:6      | Noticed Maggie
  5676 | D:6      | Killed Maggie
  5676 | D:6      | Reached ** piety under Okawaru
  5676 | D:6      | Reached skill level 12 in Long Blades
  5964 | D:6      | Found a glowing golden altar of the Shining One.
  6278 | D:6      | Found a runed translucent door.
  6283 | D:6      | Noticed HawFromDerth's ghost (novice DENe)
  6301 | D:6      | Reached skill level 13 in Long Blades
  6538 | D:7      | Reached *** piety under Okawaru
  6538 | D:7      | Reached XP level 9. HP: 59/68 MP: 8/8
  6640 | D:7      | Found a runed translucent gate.
  6640 | D:7      | Found a runed translucent gate.
  6640 | D:7      | Found a runed translucent gate.
  6640 | D:7      | Noticed kalagan's ghost (novice GrFi)
  6734 | D:7      | Found an opulent altar of Gozag.
  6742 | D:7      | Reached skill level 14 in Long Blades
  6866 | D:7      | Found a glowing silver altar of Zin.
  7540 | D:7      | Reached skill level 5 in Dodging
  7730 | D:8      | Reached skill level 5 in Fighting
  8071 | D:8      | Found a shimmering altar of Xom.
  8133 | D:8      | Reached **** piety under Okawaru
  8147 | D:8      | Noticed a two-headed ogre
  8156 | D:8      | Killed a two-headed ogre
  8156 | D:8      | Received a gift from Okawaru
  8156 | D:8      | Reached XP level 10. HP: 85/86 MP: 9/9
  8352 | D:8      | Gained mutation: Your natural rate of healing is unusually
                  | fast. [potion of mutation]
  8352 | D:8      | Gained mutation: You are robust. (+10% HP) [potion of
                  | mutation]
  8352 | D:8      | Gained mutation: Your spells are a little harder to cast,
                  | but a little more powerful. [potion of mutation]
  8352 | D:8      | Gained mutation: Your flesh is heat resistant. (rF+)
                  | [potion of mutation]
  8404 | D:8      | Found a shimmering blue altar of Sif Muna.
  8867 | D:9      | Received a gift from Okawaru
  8925 | D:9      | Noticed a cyclops
  8934 | D:9      | Killed a cyclops
  9282 | D:9      | Found Culy's Assorted Antiques.
  9288 | D:9      | Bought a scroll labeled RAAVEBLEMU for 26 gold pieces
  9288 | D:9      | Bought a shiny ring mail for 182 gold pieces
  9736 | D:10     | Entered Level 10 of the Dungeon
  9840 | D:10     | Killed an unseen horror
 10018 | D:10     | HP: 5/100 [something (11)]
 10027 | D:10     | Slain by a vampire

Illustrated notes

Levels and vault maps discovered:
D:1:      wander_arrival_abandoned_jail, layout_basic,
          chequers_serial_rivers_micro_d, minmay_worlds_worst_comb
D:2:      layout_rooms, kiku_gazebo_garden_becter,
          grunt_temple_overflow_cloverleaf, lexackson_kobold_supper
D:3:      layout_rooms, first_ration, kennysheep_generic_room_9
D:4:      layout_basic, kennysheep_mini_moat, okawaru_metal_pillars_1_2,
          marbit_many_paths, serial_rivers, chequers_serial_rivers_large_a,
          chequers_serial_rivers_micro_b, chequers_serial_rivers_micro_d,
          chequers_serial_rivers_marsh, chequers_serial_rivers_micro_c,
          nicolae_ru_awakened_eye
D:5:      layout_basic, vehumet_crystals, minmay_temple_entry_hall,
          ebering_ghost_sewer_f, portal_sewer_entry_e
D:6:      layout_loops_ring, nicolae_dithmenos_shadow_blocks, kennysheep_mini,
          lemuel_crystal_altar, ebering_ghost_reflecting_pool, serial_glass,
          glass_columns_c, glass_columns_b, glass_columns_a, glass_columns_a,
          glass_columns_a, glass_columns_a, glass_columns_a, glass_columns_c,
          uniq_maggie, uniq_grinder
D:7:      layout_loops_cross, basic_altar, gammafunk_ghost_split,
          grunt_ogre_cave, nicolae_gozag_seed_capital
D:8:      layout_rooms, led_sif_book, xom_teletrap_fun
D:9:      layout_layer_cave, serial_undead, serial_undead_a, serial_undead_b,
          serial_undead_f, serial_undead_e, serial_shops, shop, lightli_minifort
D:10:     layout_basic, david_lair_generic, ebering_ghost_xom

Skill      XL: |  1  2  3  4  5  6  7  8  9 10 |
---------------+-------------------------------+-----
Long Blades    | 4 5 6 8 9 11 13 14 | 14.0
Fighting       | 7 9 |  9.5
Dodging        | 7 9 |  9.1
Throwing       | |  2.0

Action                   |  1- 3 |  4- 6 |  7- 9 | 10-12 || total
-------------------------+-------+-------+-------+-------++-------
Melee: Long sword        |    70 |   161 |    66 |       ||   297
       Headbutt          |    13 |    33 |    45 |    32 ||   123
       Scimitar          |       |       |   156 |   129 ||   285
       Punch             |       |       |     1 |       ||     1
Invok: Heroism           |       |       |     1 |     1 ||     2
  Use: Scroll            |     3 |     4 |     2 |     2 ||    11
       Potion            |     3 |     7 |     1 |     4 ||    15
 Stab: Sleeping          |       |       |       |     2 ||     2
       Invisible         |       |       |       |     1 ||     1
  Eat: Chunk             |     2 |     6 |     8 |     6 ||    22
       Ration            |       |     1 |     1 |       ||     2
Armor: Leather armour    |    14 |    23 |     8 |       ||    45
       Steam dragon scal |       |       |    14 |    12 ||    26
       Ring mail         |       |       |       |     9 ||     9
Dodge: Dodged            |    44 |    93 |   111 |    50 ||   298
       Rpst.: Long sword |     9 |    29 |    13 |       ||    51
       Scimitar          |       |       |    22 |    15 ||    37
